 Dungeon Crawl Stone Soup version 0.31-a0-986-g5e6e4ef867 (webtiles) character file.

Game seed: 9904260484510662813

496 dialectric the Ruffian (level 6, -6/61 HPs)
             Began as a Troll Shapeshifter on Nov 23, 2023.
             Mangled by Pikel
             ... wielding a +1 whip of flaming
              (10 damage)
             ... on level 4 of the Dungeon.
             The game lasted 00:03:30 (2227 turns).

dialectric the Ruffian (Troll Shapeshifter)         Turns: 2227, Time: 00:03:31

Health: -6/61      AC:  4    Str: 23    XL:     6   Next: 93%
Magic:  5/5        EV: 11    Int:  6    God:
Gold:   98         SH:  0    Dex: 17    Spells: 5/5 levels left

rFire   . .          .
                       - Unarmed
rCold   . . .        (no shield)
rNeg    . . .        a - +0 animal skin
rPois   .            (helmet currently unavailable)
rElec   .            (cloak currently unavailable)
rCorr   .            (gloves unavailable)
SInv    .            (boots unavailable)
Will    .....        (no amulet)
Stlth   ++           g - +6 ring of dexterity
HPRegen 1.10/turn    (no ring)
MPRegen 0.09/turn

%: no passive effects
@: beast-form
A: beast (slay +2), large, unfitting armour, claws 3, regeneration 1, shaggy fur
1, tough skin 1
a: Begin Untransformation


You were on level 4 of the Dungeon.
You were a hulking beast.
You visited 1 branch of the dungeon, and saw 4 of its levels.

You collected 98 gold pieces.

Inventory:

Armour
 a - a +0 animal skin (worn)
Jewellery
 g - a +6 ring of dexterity (left claw)
Talismans
 c - a beast talisman
 d - a flux talisman
Scrolls
 e - a scroll of amnesia {unknown}
 f - 3 scrolls of identify
 h - a scroll of revelation {unknown}
 j - a scroll of teleportation
 k - a scroll of poison {unknown}
 l - a scroll of noise {unknown}


   Skills:
 * Level 3.3 Fighting
 + Level 3.5 Dodging
 + Level 4.3 Unarmed Combat
 + Level 4.2 Shapeshifting


You had 5 spell levels left.
You didn't know any spells.
Your spell library contained the following spells:

 Spells                   Type           Power      Damage    Failure   Level
 Wereblood                Tmut           0%         N/A       58%         2
 Irradiate                Conj/Tmut      0%         3d11      100%        5


Dungeon Overview and Level Annotations

Branches:
Dungeon (4/15)
 Temple: D:4-7

Altars:
Makhleb

Shops:
D:3 *

Annotations:
D:2 Sigmund
D:4 Pikel


Innate Abilities, Weirdness & Mutations

You are a hulking beast.
Your limbs bulge with bestial killing power. (Slay +2)
You are too large for most types of armour.
You have claws for hands.
Your natural rate of healing is unusually fast.
You are covered in fur. (AC +1)
You have tough skin. (AC +1)


Message History

You scratch Pikel.
Pikel is severely wounded.
Pikel hits you with a +1 whip of flaming!
Pikel burns you.
You closely miss Pikel.
Pikel is severely wounded.
Pikel hits you with a +1 whip of flaming!
* * * LOW HITPOINT WARNING * * *
Pikel burns you.
* * * LOW HITPOINT WARNING * * *
Your transformation has ended.
You turn into a tree.
Your +0 animal skin melds into your body.
Your roots penetrate the ground.
Pikel hits you with a +1 whip of flaming.
* * * LOW HITPOINT WARNING * * *
Pikel burns you.
* * * LOW HITPOINT WARNING * * *
Unknown command.
It was a potion of attraction.
You feel attractive to monsters. Pikel hits you but does no damage.
Unknown command.
It was a potion of cancellation.
Your magical effects are unravelling.
You feel magically purged.
You feel less wooden.
Your +0 animal skin unmelds from your body.
You turn into a hulking beast.
Pikel hits you with a +1 whip of flaming.
* * * LOW HITPOINT WARNING * * *
Pikel burns you.
* * * LOW HITPOINT WARNING * * *
A lemure comes into view.
The lemure is attracted toward you.
You feel less attractive to monsters.
You closely miss Pikel.
Pikel is severely wounded.
Pikel hits you with a +1 whip of flaming!
You die...
Pikel says, "See you in Hell!"

#..##.#
#..##.#
#..##.#
##..##.#
#..<##.#
#.#....#
#...##.#
###.##.#####.#
#.##h.......
#.##K#####..
#..555 ####g##
#.5 ..ยง ...
###.


You could see Pikel, 4 lemures and a hobgoblin.

Vanquished Creatures
  Grinder (D:3)
  5 orc priests (D:3)
  A hound (D:3)
  An orc wizard (D:3)
  Robin (D:2)
  2 adders (D:3)
  2 worms
  5 orcs (D:3)
  3 ball pythons
  2 bats (D:2)
  6 endoplasms
  2 giant cockroaches (D:1)
  14 goblins
  12 hobgoblins
  2 kobolds
  3 quokkas
  A frilled lizard (D:3)
  8 rats
71 creatures vanquished.

Notes
Turn   | Place    | Note
-------+----------+-------------------------------------------
     0 | D:1      | dialectric the Troll Shapeshifter began the quest for the
                  | Orb.
     0 | D:1      | Reached XP level 1. HP: 18/18 MP: 0/0
   252 | D:1      | Reached skill level 1 in Fighting
   259 | D:1      | Reached XP level 2. HP: 27/27 MP: 1/1
   740 | D:2      | Reached XP level 3. HP: 32/33 MP: 2/2
  1377 | D:2      | Noticed Sigmund
  1416 | D:3      | Found a burning altar of Makhleb.
  1518 | D:3      | Noticed Robin
  1532 | D:3      | Reached XP level 4. HP: 33/41 MP: 3/3
  1597 | D:2      | Killed Robin
  1638 | D:3      | Reached XP level 5. HP: 47/49 MP: 4/4
  1736 | D:3      | Found Neafran's Assorted Antiques.
  1880 | D:3      | Noticed Grinder
  1894 | D:3      | Killed Grinder
  1895 | D:3      | Reached XP level 6. HP: 51/61 MP: 5/5
  2211 | D:4      | Noticed Pikel
  2226 | D:4      | HP: 3/61 [Pikel/+1 whip of flaming (2)]
  2227 | D:4      | Mangled by Pikel

Illustrated notes

Levels and vault maps discovered:
D:1:      denvon_arrival_planthouse, layout_basic
D:2:      layout_basic, uniq_sigmund
D:3:      layout_loops_ring, mainiacjoe_overflow_six_doors_small, serial_shops,
          nicolae_shop_dealshenge, uniq_robin, uniq_grinder
D:4:      layout_loops_ring, uniq_pikel

Skill      XL: |  1  2  3  4  5 |
---------------+----------------+-----
Fighting       | 1 3 |  3.3
Dodging        | 2 3 |  3.5
Unarmed Combat | 4 |  4.3
Shapeshifting  | 4 |  4.2

Action                     |  1- 3 |  4- 6 || total
---------------------------+-------+-------++-------
  Melee: Unarmed           |    57 |    94 ||   151
         Punch             |     1 |     3 ||     4
    Use: Potion            |       |     4 ||     4
         Scroll            |       |     1 ||     1
   Stab: Sleeping          |     3 |       ||     3
 Armour: Animal skin       |    29 |    55 ||    84
         Skin              |       |     2 ||     2
  Dodge: Dodged            |    23 |    41 ||    64

Table legend: (Time is in decaauts)
 A = Elapsed time spent in this place.
 B = Non-inter-level travel time spent in this place.
 C = Inter-level travel time spent in this place.
 D = Time resting spent in this place.
 E = Time spent auto-exploring this place.
 F = Levels seen in this place.
 G = Mean time per level.
                   A        B        C        D        E       F      G
               +--------+--------+--------+--------+--------+-----+--------+
         Total |   2218 |   2164 |     54 |     18 |   1662 |   4 |  554.5 |
       Dungeon |   2218 |   2164 |     54 |     18 |   1662 |   4 |  554.5 |
               +--------+--------+--------+--------+--------+-----+--------+

Top non-repeatable levels by time:
     D:2: 795 daAuts
     D:3: 756 daAuts
     D:1: 648 daAuts
     D:4: 18 daAuts
